 Seeded DCSS version 0.30-a0-965-g42e074c17a (webtiles) character file.

Game seed: 20230327 (custom seed)

252330 GigaChad the Warrior (level 18, -19/177 HPs)
             Began as a Minotaur Fighter on Mar 30, 2023.
             Was an Initiate of Gozag.
             Demolished by an azure jelly (26 damage)
             ... on level 2 of the Pits of Slime.
             The game lasted 01:43:27 (34127 turns).

GigaChad the Warrior (Minotaur Fighter)            Turns: 34127, Time: 01:43:29

Health: -19/177    AC: 33    Str: 29    XL:     18   Next: 96%
Magic:  17/17      EV: 11    Int:  4    God:    Gozag
Gold:   7060       SH: 24    Dex: 19    Spells: 17/17 levels left

rFire   . . .      SeeInvis .    a - +5 war axe (vamp)
rCold   . . .      Faith    .    l - +2 tower shield {rPois}
rNeg    . . .      Spirit   .    v - +18 Lear's hauberk
rPois   +          Reflect  .    (helmet currently unavailable)
rElec   .          Rampage  .    W - +0 cloak "Bowkil" {Int+2 Dex+3}
rCorr   +          Rage     50%  (gloves currently unavailable)
Will    +++..                    (boots currently unavailable) Stlth
                                 A - necklace of Bloodlust {Fury *Rage Will++ Int-3 Slay+6}
HPRegen 0.49/turn                N - ring of resist corrosion
MPRegen 0.15/turn                w - +6 ring of dexterity

@: on berserk cooldown, slowed, very slow
A: horns 2, retaliatory headbutt
}: 2/15 runes: serpentine, barnacled
a: Renounce Religion, Potion Petition, Call Merchant, Bribe Branch


You were on level 2 of the Pits of Slime.
You worshipped Gozag.
Gozag was greatly pleased with you.
You visited 7 branches of the dungeon, and saw 33 of its levels.

You collected 13874 gold pieces.
You spent 3003 gold pieces at shops.
You paid 3811 gold pieces to Gozag.

Inventory:

Hand Weapons
 a - a +5 vampiric war axe (weapon)
 h - the +5 flail of the Evening {spect, rF++}
   (You found it on level 6 of the Dungeon)

   rF:        It greatly protects you from fire.
 S - a +2 heavy war axe
Armour
 c - a +0 kite shield of cold resistance
 l - a +2 tower shield of poison resistance (worn)
 v - the +18 Lear's hauberk (worn)
   (You found it on level 4 of the Dungeon)
 W - the +0 cloak "Bowkil" (worn) {Int+2 Dex+3}
   (You found it on level 1 of the Lair of Beasts)

   Int:       It affects your intelligence (+2).
   Dex:       It affects your dexterity (+3).
Jewellery
 j - a ring of fire
 u - a ring of protection from cold
 w - a +6 ring of dexterity (right hand)
 A - the necklace of Bloodlust (around neck) {Fury *Rage Will++ Int-3 Slay+6}
   (You bought it in a shop on level 1 of the Dungeon)

   [amulet of nothing]

   Fury:      It extends the wearer's berserk rage when killing foes.
   Int:       It affects your intelligence (-3).
   Slay:      It affects your accuracy & damage with ranged weapons and melee
   (+6).
   *Rage:     It berserks you when you make melee attacks (+50% chance).
   Will:      It greatly increases your willpower.
 I - an amulet of regeneration
 N - a ring of resist corrosion (left hand)
 R - a ring of poison resistance
Wands
 f - a wand of quicksilver (6)
 p - a wand of digging (11)
 x - a wand of flame (34) (quivered)
 G - a wand of paralysis (30)
 O - a wand of roots (27)
 V - a wand of mindburst (10)
 Y - a wand of polymorph (16)
Scrolls
 k - 7 scrolls of immolation
 q - 8 scrolls of magic mapping
 r - 5 scrolls of poison
 B - a scroll of brand weapon
 E - 17 scrolls of teleportation
 H - 2 scrolls of fear
 J - 4 scrolls of identify
 L - 4 scrolls of vulnerability
 U - 3 scrolls of summoning
 X - a scroll of noise
Potions
 d - 6 potions of might
 e - 24 potions of curing
 g - a potion of invisibility
 i - 7 potions of degeneration
 m - a potion of flight {unknown}
 n - 10 potions of brilliance
 o - 8 potions of lignification
 s - 8 potions of heal wounds
 t - 7 potions of berserk rage
 z - 5 potions of attraction {unknown}
 C - a potion of magic {unknown}
 D - 3 potions of mutation {unknown}
 F - a potion of resistance {unknown}
 K - 2 potions of haste {unknown}
 P - a potion of cancellation {unknown}
Miscellaneous
 b - a box of beasts
 y - a box of beasts
 M - a box of beasts
 Q - a tin of tremorstones (2/2)
 T - a box of beasts
 Z - a lightning rod (4/4)


   Skills:
 + Level 19.6 Fighting
 + Level 19.0 Axes
 + Level 14.7 Armour
 - Level 6.0 Dodging
 - Level 3.7 Stealth
 + Level 19.0 Shields
 * Level 14.0 Evocations


You had 17 spell levels left.
You didn't know any spells.
Your spell library contained the following spells:

 Spells                   Type           Power      Damage    Failure   Level
 Foxfire                  Conj/Fire      0%         2x1d2     99%         1
 Magic Dart               Conj           0%         1d3       99%         1
 Sting                    Tmut/Pois      0%         1d3       99%         1
 Ensorcelled Hibernation  Hex/Ice        0%         N/A       100%        2
 Lesser Beckoning         Tloc           0%         N/A       100%        2
 Passwall                 Tmut/Erth      0%         N/A       100%        2
 Poisonous Vapours        Pois/Air       0%         N/A       100%        2
 Searing Ray              Conj           0%         2d4       100%        2
 Static Discharge         Conj/Air       0%         2-2/arc   100%        2
 Gell's Gravitas          Tloc           0%         N/A       100%        3
 Ignite Poison            Fire/Tmut/Pois 0%         N/A       100%        3
 Kindle Blastsparks       Fire/Tloc/Air  0%         2d10      100%        3
 Portal Projectile        Hex/Tloc       0%         N/A       100%        3
 Spider Form              Tmut/Pois      0%         N/A       100%        3
 Stone Arrow              Conj/Erth      0%         3d7       100%        3
 Tukima's Dance           Hex            0%         N/A       100%        3
 Vhi's Electric Charge    Tloc/Air       0%         N/A       100%        3
 Anguish                  Hex/Necr       0%         N/A       100%        4
 Animate Armour           Summ/Erth      0%         N/A       100%        4
 Fulminant Prism          Conj/Hex       0%         3d5       100%        4
 Iskenderun's Mystic Bla  Conj/Tloc      0%         2d3       100%        4
 Olgreb's Toxic Radiance  Pois           0%         N/A       100%        4
 Sticky Flame             Conj/Fire      0%         2d3       100%        4
 Arcjolt                  Conj/Air       0%         1d10      100%        5
 Blade Hands              Tmut           0%         N/A       100%        5
 Borgnjor's Vile Clutch   Necr/Erth      0%         N/A       100%        5
 Fireball                 Conj/Fire      0%         3d3       100%        5
 Freezing Cloud           Conj/Ice/Air   0%         6-21      100%        5
 Lee's Rapid Deconstruct  Erth           0%         3d4*      100%        5
 Plasma Beam              Fire/Air       0%         2x1d7     100%        5
 Death Channel            Necr           0%         N/A       100%        6
 Starburst                Conj/Fire      0%         6d3       100%        6
 Borgnjor's Revivificati  Necr           0%         N/A       100%        8
 Ignition                 Fire           0%         3d3       100%        8
 Lehudib's Crystal Spear  Conj/Erth      0%         10d2      100%        8
 Necromutation            Tmut/Necr      0%         N/A       100%        8
 Chain Lightning          Conj/Air       0%         N/A       100%        9
 Death's Door             Necr           0%         N/A       100%        9
 Fire Storm               Conj/Fire      0%         5d1       100%        9
 Polar Vortex             Ice            0%         N/A       100%        9
 Shatter                  Erth           0%         3d5*      100%        9
 Animate Dead             Necr           Unusable   N/A       N/A         4
 Simulacrum               Ice/Necr       Unusable   N/A       N/A         6

Dungeon Overview and Level Annotations

Branches:
Dungeon (15/15)            Temple (1/1) D:5            Lair (5/5) D:11
 Shoals (4/4) Lair:2        Snake (4/4) Lair:3        Slime (2/5) Lair:5
    Orc (2/2) D:9             Elf (0/3) Orc:2        Vaults (0/5) D:13
 Depths (0/4) D:15

Altars:
Ashenzari
Cheibriados
Dithmenos
Elyvilon
Fedhas
Gozag
Hepliaklqana
Kikubaaqudgha
Makhleb
Okawaru
Qazlal
Ru
Sif Muna
Trog
Uskayaw
Vehumet
Wu Jian
Xom
Yredelemnul
Zin
The Shining One
Jiyva

Shops:
D:1 *=:*=   D:11 :   D:14 !   Orc:1 !   Orc:2 [!(*[   Snake:4 *

Portals:
Abyss: D:11

Annotations:
D:9 exclusion: statue
D:11 2 transporters, OhCrap's ghost, novice MiBe
Lair:1 exclusion: oklob plant
Lair:5 3 runed translucent doors, exclusion: obsidian statue, Ygezyin's ghost, journeyman MiGl
Shoals:1 Bai Suzhen
Snake:4 1 runed translucent door, Dil's ghost, adept MiBe
Orc:1 3 runed translucent doors, Enwos's ghost, journeyman MiFi


Innate Abilities, Weirdness & Mutations

You have a pair of horns on your head.
You reflexively headbutt those who attack you in melee.


Message History

The rockslime is severely wounded.
The rockslime hits you!
You stumble backwards!
You slice the rockslime!!
The necklace of Bloodlust glows a violent red.
You kill the rockslime!
You now have 7060 gold pieces (gained 16).
An azure jelly comes into view.
You feel a strong urge to attack something.
You feel your anger nearly subside.
You are no longer berserk.
You are exhausted.
You feel yourself slow down.
There is a stone staircase leading down here.
You block the azure jelly's attack. The azure jelly hits you.
The azure jelly freezes you!!! You block the azure jelly's attack.
The azure jelly hits you but does no damage. x2
The azure jelly hits you. The azure jelly freezes you!!!
The azure jelly hits you. The azure jelly barely misses you.
You block the azure jelly's attack.
The azure jelly hits you but does no damage.
The azure jelly barely misses you. x2; You block the azure jelly's attack.
The azure jelly hits you but does no damage.
You block the azure jelly's attack. x2
You closely miss the azure jelly. You block the azure jelly's attack.
The azure jelly hits you but does no damage.
The azure jelly closely misses you. You block the azure jelly's attack.
You slice the azure jelly!!
The azure jelly is moderately wounded.
You block the azure jelly's attack. The azure jelly hits you.
The azure jelly freezes you!!
* * * LOW HITPOINT WARNING * * *
The azure jelly hits you but does no damage.
You block the azure jelly's attack. The azure jelly hits you.
* * * LOW HITPOINT WARNING * * *
The azure jelly freezes you!!!
* * * LOW HITPOINT WARNING * * *
The azure jelly hits you.
* * * LOW HITPOINT WARNING * * *
The azure jelly freezes you!!
You die...
Your body crumbles into a pile of gold.

############## #
##.#.#..##..#.##.#
##.................
#.........#........
#.#...........##
##.......J@....#
#.......>......#
##.............##
#..............#
##.........#....##
#................###
##..#............#.##
###................#
##...............#


You could see an azure jelly.

Vanquished Creatures
  Saint Roka (Snake:4)
  Jorgrun (Snake:2)
  A kraken (Shoals:3)
  Gastronok (Orc:1)
  7 nagarajas
  2 rockslimes
  2 azure jellies (Slime:1)
  Louise (Snake:4)
  An orc warlord (Orc:2)
  A stone giant (D:15)
  2 dire elephants (Lair:5)
  Snorg (D:10)
  A merfolk javelineer (Shoals:2)
  Josephine (D:15)
  8 vault guards (D:13)
  2 merfolk impalers
  7 hydras
  A rakshasa (D:14)
  Erolcha (D:10)
  Erica (D:8)
  A merfolk avatar (Shoals:2)
  A merfolk aquamancer (Shoals:4)
  6 two-headed ogres
  7 centaur warriors
  An ogre mage (D:15)
  3 boulder beetles
  An alligator snapping turtle (Shoals:4)
  13 anacondas
  3 orc high priests (Orc:2)
  A death yak (Lair:5)
  14 naga warriors
  7 shock serpents
  24 naga sharpshooters
  Urug (D:10)
  A salamander mystic (Snake:3)
  6 skysharks
  A spectral anaconda (Lair:5)
  Lodul (D:10)
  12 sea snakes
  8 naga ritualists
  2 wizards (D:14)
  Pikel (D:4)
  2 deep elf pyromancers
  2 harpies (Shoals:2)
  4 necromancers (Lair:5)
  5 orc knights (Orc:2)
  6 orc sorcerers
  4 oklob plants (Lair:5)
  10 mana vipers
  2 ugly things
  8 salamanders
  7 cyclopes
  5 manticores
  2 merfolk sirens
  4 fauns (Shoals:2)
  24 elephants
  A dire elephant zombie (Lair:5)
  Maurice (Orc:1)
  5 guardian serpents
  14 naga magi
  48 black mambas
  A water nymph (Lair:2)
  A gargoyle (D:14)
  Maggie (D:10)
  14 cane toads
  3 rime drakes
  A dire elephant skeleton (Lair:5)
  2 efreet
  7 komodo dragons
  A yaktaur (D:15)
  4 merfolk
  The ghost of Anno the Gouger, a novice FeDe of Wu Jian (D:7)
  9 trolls
  5 wind drakes
  2 polar bears
  2 hornets
  A troll (shapeshifter) (D:15)
  15 blink frogs
  A dream sheep (Shoals:1)
  A blink frog (shapeshifter) (D:15)
  2 spectral elephants (Lair:5)
  7 snapping turtles
  21 slime creatures
  Sigmund (D:5)
  2 centaur simulacra (D:14)
  A shadow (D:9)
  5 water elementals
  67 yaks
  7 wraiths
  6 wyverns
  Eustachio (D:4)
  A basilisk (Lair:5)
  7 golden eyes (Slime:1)
  A death yak simulacrum (Lair:5)
  2 steam dragons
  4 vampire mosquitoes (D:11)
  4 wargs
  Menkaure (D:5)
  51 nagas
  An acid dragon (D:8)
  A spectral cane toad (Lair:5)
  Duvessa (D:4)
  20 water moccasins
  4 ice beasts
  33 orc warriors
  4 elephant zombies (Lair:5)
  9 centaurs
  An elephant skeleton (Lair:5)
  12 ogres
  7 wolves
  A phantom (D:5)
  A kobold brigand (D:10)
  3 lemures (D:4)
  Blork the orc (D:5)
  12 bullfrogs
  2 wyvern zombies (D:8)
  5 scorpions
  A cane toad simulacrum (Lair:5)
  13 wights (D:8)
  Dowan (D:4)
  11 killer bees
  A howler monkey (D:6)
  13 electric eels
  4 centaur zombies (D:8)
  22 orc priests
  A hound (D:5)
  5 jellies
  A gnoll bouda (D:9)
  2 iguanas
  A sleepcap (D:7)
  21 orc wizards
  Natasha (thrice) (D:4)
  5 killer bee zombies
  A mummy (D:4)
  3 howler monkey zombies
  8 adders
  4 gnolls (D:9)
  5 white imps
  3 ufetubi (D:14)
  A worm (D:2)
  2 dart slugs
  56 orcs
  4 ball pythons
  6 bats
  4 endoplasms
  5 giant cockroaches
  9 goblins
  6 hobgoblins
  2 jackals (D:2)
  2 quokkas
  3 frilled lizards
  13 kobolds
  4 rats
  A plant (Lair:1)
940 creatures vanquished.

Vanquished Creatures (collateral kills)
  A merfolk impaler (Shoals:4)
  3 merfolk aquamancers (Shoals:4)
  3 satyrs
  3 sea snakes
  2 harpies (Shoals:2)
  8 manticores
  A cyclops (Shoals:3)
  A merfolk siren (Shoals:4)
  A water nymph (Shoals:2)
  6 merfolk
  3 wind drakes (Shoals:4)
  6 dream sheep
  A snapping turtle (Shoals:4)
  A water elemental (Shoals:4)
  2 plants (Shoals:4)
42 creatures vanquished.

Vanquished Creatures (others)
  3 merfolk impalers (Shoals:4)
  A merfolk aquamancer (Shoals:4)
  A deep elf pyromancer (D:14)
  A cyclops (Shoals:2)
  A manticore (Shoals:4)
  A guardian serpent (Snake:4)
  4 merfolk sirens
  8 merfolk
  A snapping turtle (Shoals:4)
  A water elemental (Shoals:4)
  A naga (Snake:4)
  An orc (Snake:4)
  12 fungi
  113 plants
  26 withered plants
175 creatures vanquished.

Grand Total: 1157 creatures vanquished

Notes
Turn   | Place    | Note
-------+----------+-------------------------------------------
     0 | D:1      | GigaChad the Minotaur Fighter began the quest for the Orb.
     0 | D:1      | Reached XP level 1. HP: 19/19 MP: 0/0
     4 | D:1      | Found Xoclunid's Book Emporium.
    30 | D:1      | Found Aqium's General Store.
   100 | D:1      | Found Wostryiz's General Store.
   168 | D:1      | Reached XP level 2. HP: 16/27 MP: 1/1
   218 | D:1      | Found a faded altar of an unknown god.
   290 | D:1      | Found Muif's Jewellery Shop.
   555 | D:1      | Found Uvvotic's Jewellery Boutique.
   576 | D:1      | Reached XP level 3. HP: 29/33 MP: 2/2
   976 | D:2      | Found a white marble altar of Elyvilon.
  1816 | D:3      | Reached XP level 4. HP: 40/40 MP: 3/3
  2081 | D:4      | Found the +18 Lear's hauberk
  2122 | D:4      | Noticed Dowan
  2122 | D:4      | Noticed Duvessa
  2140 | D:4      | Killed Duvessa
  2141 | D:4      | Reached skill level 5 in Armour
  2141 | D:4      | Reached XP level 5. HP: 31/47 MP: 4/4
  2142 | D:4      | Killed Dowan
  2143 | D:4      | Reached skill level 1 in Dodging
  2232 | D:4      | Found a sand-covered staircase.
  2410 | D:4      | Noticed a lemure
  2410 | D:4      | Noticed a lemure
  2411 | D:4      | Found a stormy altar of Qazlal.
  2411 | D:4      | Noticed an air elemental
  2422 | D:4      | Killed a lemure
  2424 | D:4      | Killed a lemure
  2433 | D:4      | Noticed a lemure
  2434 | D:4      | Noticed Pikel
  2434 | D:4      | Noticed a lemure
  2443 | D:4      | Killed a lemure
  2451 | D:4      | Reached skill level 5 in Axes
  2451 | D:4      | Reached XP level 6. HP: 53/53 MP: 5/5
  2471 | D:4      | Killed Pikel
  2472 | D:4      | Reached skill level 5 in Shields
  2472 | D:4      | Reached XP level 7. HP: 26/60 MP: 6/6
  2627 | D:4      | Reached skill level 5 in Fighting
  2664 | D:4      | Noticed Natasha
  2669 | D:4      | Killed Natasha
  2699 | D:4      | Noticed Natasha
  2699 | D:4      | Noticed Eustachio
  2706 | D:4      | Killed Natasha
  2724 | D:4      | Killed Eustachio
  2725 | D:4      | Reached XP level 8. HP: 68/68 MP: 7/7
  2747 | D:4      | Noticed Natasha
  2752 | D:4      | Killed Natasha
  2993 | D:5      | Entered Level 5 of the Dungeon
  3001 | D:5      | Reached skill level 1 in Stealth
  3015 | D:5      | Noticed Menkaure
  3017 | D:5      | Found a staircase to the Ecumenical Temple.
  3020 | D:5      | Killed Menkaure
  3037 | Temple   | Entered the Ecumenical Temple
  3110 | Temple   | Became a worshipper of Gozag Ym Sagoz the Greedy
  3419 | D:5      | Noticed Sigmund
  3440 | D:5      | Killed Sigmund
  3579 | D:5      | Noticed Blork the orc
  3586 | D:5      | Killed Blork the orc
  3698 | D:5      | Found a shimmering altar of Xom.
  3698 | D:5      | Found a shimmering altar of Xom.
  3699 | D:5      | Found a shimmering altar of Xom.
  4002 | D:6      | Reached XP level 9. HP: 75/75 MP: 8/8
  4197 | D:6      | Identified the +0 flail "Jellybane" {holy, rElec rF+ Str-4
                  | Stlth+}
  4342 | D:6      | Reached skill level 10 in Axes
  4931 | D:6      | Identified the +5 flail of the Evening {spect, rF++}
  5190 | D:7      | Found a hide-covered altar of Uskayaw.
  5190 | D:7      | Noticed a +0 dagger
  5191 | D:7      | Noticed a +0 dagger
  5816 | D:7      | Found a broken altar of Ashenzari.
  6020 | D:1      | Bought the necklace of Bloodlust {Fury *Rage Will++ Int-3
                  | Slay+6} for 498 gold pieces
  6020 | D:1      | Found the necklace of Bloodlust {Fury *Rage Will++ Int-3
                  | Slay+6}
  6258 | D:7      | Found a runed translucent gate.
  6258 | D:7      | Found a runed translucent gate.
  6258 | D:7      | Found a runed translucent gate.
  6258 | D:7      | Noticed Anno's ghost (novice FeDe)
  6260 | D:7      | Found a basalt altar of Yredelemnul.
  6280 | D:7      | Killed Anno's ghost
  6281 | D:7      | Reached XP level 10. HP: 81/88 MP: 9/9
  6368 | D:7      | Found a hazy altar of Hepliaklqana.
  6374 | D:7      | Found a glowing silver altar of Zin.
  6828 | D:8      | Found an iron altar of Okawaru.
  6879 | D:8      | Noticed a two-headed ogre
  6887 | D:8      | Killed a two-headed ogre
  7313 | D:8      | Noticed Erica
  7334 | D:8      | Killed Erica
  8094 | D:9      | Noticed a two-headed ogre
  8101 | D:9      | Killed a two-headed ogre
  8105 | D:9      | Reached XP level 11. HP: 77/99 MP: 10/10
  8404 | D:9      | Found a staircase to the Orcish Mines.
  8573 | D:9      | Reached skill level 10 in Armour
  8722 | D:9      | Found a radiant altar of Vehumet.
  8939 | D:10     | Entered Level 10 of the Dungeon
  8939 | D:10     | Noticed a brown ugly thing
  8946 | D:10     | Killed a brown ugly thing
  9183 | D:10     | Noticed Urug
  9197 | D:10     | Killed Urug
  9198 | D:10     | Reached skill level 10 in Fighting
  9257 | D:10     | Noticed a centaur warrior
  9282 | D:10     | Killed a centaur warrior
  9611 | D:10     | Identified the +0 robe of Cocytus {rPois rF++ Will+ Str-3}
  9714 | D:10     | Noticed Maggie
  9719 | D:10     | Killed Maggie
  9720 | D:10     | Reached skill level 10 in Shields
  9887 | D:10     | Noticed Erolcha
  9896 | D:10     | Killed Erolcha
  9990 | D:10     | Noticed Lodul
  9991 | D:10     | Noticed Snorg
  9998 | D:10     | Killed Lodul
 10004 | D:10     | Killed Snorg
 10064 | D:11     | Found a staircase to the Lair.
 10193 | D:11     | Noticed a skeletal warrior
 10203 | D:11     | Found a transporter.
 10281 | D:11     | Reached XP level 12. HP: 110/110 MP: 11/11
 10286 | D:11     | Found a transporter.
 10317 | D:11     | Noticed a brown very ugly thing
 10376 | D:11     | Found a one-way gate to the infinite horrors of the Abyss.
 10376 | D:11     | Noticed OhCrap's ghost (novice MiBe)
 10609 | D:11     | Found Kyak's Book Boutique.
 10795 | Lair:1   | Entered Level 1 of the Lair of Beasts
 10830 | D:12     | Reached skill level 15 in Axes
 11332 | D:13     | Noticed a centaur warrior
 11341 | D:13     | Killed a centaur warrior
 11473 | D:13     | Noticed a five-headed hydra
 11476 | D:13     | Noticed a centaur warrior
 11485 | D:13     | Killed an 11-headed hydra
 11489 | D:13     | Killed a centaur warrior
 11579 | D:13     | Noticed a centaur warrior
 11581 | D:13     | Noticed a vault guard
 11583 | D:13     | Noticed a vault guard
 11585 | D:13     | Noticed a vault guard
 11587 | D:13     | Killed a centaur warrior
 11595 | D:13     | Noticed a vault guard
 11596 | D:13     | Killed a vault guard
 11599 | D:13     | Killed a vault guard
 11604 | D:13     | Killed a vault guard
 11605 | D:13     | Noticed a vault guard
 11610 | D:13     | Killed a vault guard
 11618 | D:13     | Killed a vault guard
 11851 | D:13     | Found a gate to the Vaults.
 11873 | D:13     | Identified a scroll of acquirement
 11873 | D:13     | Acquired 1119 gold pieces
 11902 | D:13     | Noticed a vault guard
 11910 | D:13     | Killed a vault guard
 11910 | D:13     | Noticed a vault guard
 11911 | D:13     | Reached XP level 13. HP: 122/122 MP: 12/12
 12500 | D:14     | Found a frozen archway.
 13110 | D:14     | Bought a potion of curing for 39 gold pieces
 13110 | D:14     | Bought 2 potions of curing for 78 gold pieces
 13371 | D:15     | Entered Level 15 of the Dungeon
 13389 | D:15     | Reached skill level 1 in Evocations
 13551 | D:15     | Identified the +0 robe "Addephae" {rF+}
 13575 | D:15     | Found a staircase to the Depths.
 13575 | D:15     | Noticed a stone giant
 13633 | D:15     | Killed a stone giant
 13799 | D:15     | Reached skill level 15 in Fighting
 13880 | D:15     | Noticed Josephine
 13886 | D:15     | Killed Josephine
 14257 | Lair:1   | Identified the +0 cloak "Bowkil" {Int+2 Dex+3}
 14537 | Lair:1   | Reached XP level 14. HP: 135/135 MP: 13/13
 15566 | Lair:2   | Found a dark tunnel.
 16246 | Lair:3   | Found a staircase to the Snake Pit.
 16323 | Lair:3   | Identified the +3 ring mail "Muin" {-Tele Rampage rElec
                  | Regen+}
 16561 | Lair:3   | Reached skill level 15 in Shields
 18183 | Lair:5   | Entered Level 5 of the Lair of Beasts
 18517 | Lair:5   | Reached XP level 15. HP: 145/145 MP: 14/14
 18599 | Lair:5   | Found a runed translucent gate.
 18599 | Lair:5   | Found a runed translucent gate.
 18599 | Lair:5   | Found a runed translucent gate.
 18600 | Lair:5   | Noticed an azure jelly
 18600 | Lair:5   | Noticed a rockslime
 18600 | Lair:5   | Noticed an azure jelly
 18600 | Lair:5   | Noticed an acid blob
 18601 | Lair:5   | Found a viscous altar of Jiyva.
 18601 | Lair:5   | Noticed Ygezyin's ghost (journeyman MiGl)
 18601 | Lair:5   | Noticed an azure jelly
 19407 | Lair:5   | Reached skill level 5 in Dodging
 20110 | Orc:1    | Entered Level 1 of the Orcish Mines
 20110 | Orc:1    | Noticed Maurice
 20124 | Orc:1    | Killed Maurice
 20301 | Orc:1    | Found a runed translucent gate.
 20302 | Orc:1    | Found a runed translucent gate.
 20303 | Orc:1    | Found a runed translucent gate.
 20314 | Orc:1    | Noticed Enwos's ghost (journeyman MiFi)
 20856 | Orc:2    | Entered Level 2 of the Orcish Mines
 20892 | Orc:2    | Found Kitwuc's Antique Armour Emporium.
 21561 | Orc:2    | Found a staircase to the Elven Halls.
 21592 | Orc:2    | Found Tinu's Distillery.
 21655 | Orc:2    | Found Alaleymn's Armour Shop.
 21678 | Orc:2    | Found Vunev's General Store.
 21702 | Orc:2    | Bought a potion of experience for 700 gold pieces
 21702 | Orc:2    | Reached XP level 16. HP: 158/158 MP: 15/15
 21706 | Orc:2    | Bought a box of beasts for 560 gold pieces
 21708 | Orc:2    | Found Haucits's Antique Weapon Shoppe.
 21964 | Orc:1    | Found Ding's Distillery.
 22004 | Orc:1    | Bought 2 potions of curing for 66 gold pieces
 22025 | Orc:1    | Noticed Gastronok
 22034 | Orc:1    | Killed Gastronok
 22593 | Shoals:1 | Entered Level 1 of the Shoals
 24320 | Shoals:3 | Noticed Bai Suzhen
 24377 | Shoals:3 | Reached XP level 17. HP: 166/166 MP: 16/16
 24610 | Shoals:3 | Noticed a kraken
 24617 | Shoals:3 | Killed a kraken
 24913 | Snake:1  | Entered Level 1 of the Snake Pit
 26761 | Snake:2  | Reached skill level 5 in Evocations
 27654 | Snake:2  | Noticed Jorgrun
 27662 | Snake:2  | Killed Jorgrun
 28273 | Snake:3  | Identified the +4 robe of the Endless Expanse {Str+6 Int-3
                  | Dex+3 Stlth+}
 28631 | Snake:3  | Reached skill level 10 in Evocations
 28762 | Snake:3  | Upgraded the game from 0.30-a0-964-gd452b5e7fa to
                  | 0.30-a0-965-g42e074c17a
 28918 | Snake:3  | Found a hazy altar of Hepliaklqana.
 29368 | Shoals:4 | Entered Level 4 of the Shoals
 29656 | Shoals:4 | Reached XP level 18. HP: 161/176 MP: 17/17
 30017 | Shoals:4 | Got Xaahich's Folio of Dislocation and Changing
 30060 | Shoals:4 | Identified the staff of conjuration "Sepha" {Str+3}
 30137 | Shoals:4 | Identified the +1 pair of boots "Archopsu" {Drain Int+4}
 30188 | Shoals:4 | Got a barnacled rune of Zot
 30478 | Snake:4  | Entered Level 4 of the Snake Pit
 30478 | Snake:4  | Noticed Dil's ghost (adept MiBe)
 30478 | Snake:4  | Found a runed translucent door.
 30506 | Snake:4  | Noticed Louise
 30520 | Snake:4  | Killed Louise
 30765 | Snake:4  | Noticed Saint Roka
 30788 | Snake:4  | Killed Saint Roka
 31108 | Snake:4  | Found Yluurph Juthri's General Store.
 31119 | Snake:4  | Bought a box of beasts for 760 gold pieces
 32109 | Snake:4  | Got a serpentine rune of Zot
 32589 | D:1      | Bought a scroll of enchant weapon for 82 gold pieces
 32634 | D:1      | Bought a ring of resist corrosion for 220 gold pieces
 33217 | Lair:5   | Found a staircase to the Slime Pits.
 33218 | Lair:5   | Found a viscous altar of Jiyva.
 33320 | Slime:1  | Entered Level 1 of the Pits of Slime
 34127 | Slime:2  | HP: 7/177 [azure jelly (2)]
 34127 | Slime:2  | Demolished by an azure jelly

Illustrated notes

Levels and vault maps discovered:
D:1:      doesnt_arrival_eight_statues, layout_basic, serial_shops,
          nicolae_shop_advertising_works [nicolae_subvault_shop_adworks], shop,
          nicolae_lakefront_shop, shop, shop,
          shapermc_ecumenical_altar_notcrosses
D:2:      minmay_spotlight, layout_basic, basic_altar
D:3:      layout_loops_cross, st_stairs_7
D:4:      layout_basic, nicolae_qazlal_style_of_elements,
          gup_ossuary_entry_pyramid, uniq_eustachio, uniq_natasha, uniq_pikel,
          uniq_duvessa
D:5:      layout_rooms, xom_redecorated, minmay_temple_entry_mini_moons,
          uniq_sigmund, uniq_menkaure, uniq_blork_the_orc
D:6:      cheibrodos_two_vegetables, layout_gridville
D:7:      layout_loops_ring, ashenzari_conservatory_becter,
          dancing_weapons_uskayaw, nicolae_yredelemnul_ghost_church,
          mainiacjoe_overflow_large_starburst, water_boxes_lemuel
D:8:      layout_basic, lemuel_round_altar, serial_undead, serial_undead_f,
          serial_undead_c, serial_undead_b, serial_undead_e, grunt_tough_drop,
          uniq_erica
D:9:      layout_basic, vehumet_statue, orc_0_dummy, grunt_decor_arrowhead
D:10:     layout_big_octagon, uniq_lodul, uniq_maggie, uniq_snorg, uniq_erolcha,
          uniq_urug
D:11:     layout_roguey, lair_entry_dummy, gammafunk_ghost_abyssal_escape,
          fungi_pond_lemuel, nicolae_stop_n_shop_2
D:12:     layout_cave_pools
D:13:     layout_cave_pods, erik_vaults_2, serial_column_ruins,
          column_ruins_hut_ruined, column_ruins_columns_straight,
          column_ruins_open_tiny, column_ruins_grid_1
D:14:     wad_pebble_path, layout_basic, infiniplex_staircase_star, serial_ice,
          serial_ice_h, serial_ice_c, serial_ice_f, serial_ice_b, serial_ice_a,
          serial_ice_n, serial_ice_i, portal_ice_cave_entry_pillars_four
D:15:     grunt_enter_depths_giant_problem, layout_basic, uniq_josephine
Temple:   oiseaux_autumnal_temple
Lair:1:   layout_chaotic_city, serial_bayou_shore_a, lemuel_fruit_tree
Lair:2:   layout_regular_city, nicolae_shoals_entry_flooding,
          lightli_volcano_entry_magma_tube, serial_bayou_pond_c,
          grunt_megastairs_4
Lair:3:   layout_regular_city, minmay_snake_entry_six_corridors,
          chequers_serial_rivers_large_a, infiniplex_staircase_pool_2
Lair:4:   layout_gridlike, wad_woods_road_01, serial_bayou_shore_b
Lair:5:   due_jungle_book, layout_small_grid, minmay_slime_entry_oklob_open,
          gammafunk_ghost_ooze
Shoals:1: layout_shoals, hangedman_shoals_cup_caves
Shoals:2: layout_shoals
Shoals:3: layout_shoals, uniq_bai_suzhen
Shoals:4: shoals_end_simple, layout_shoals
Snake:1:  layout_chambers
Snake:2:  layout_rooms, grunt_ministairs_1, uniq_jorgrun
Snake:3:  layout_misc_corridors, basic_altar, grunt_megastairs_2
Snake:4:  grunt_snake_rune_pools, layout_cave_town, serial_shops, shop,
          hellmonk_ghost_happy_afterlife, abandoned_shop, uniq_louise,
          uniq_saint_roka
Slime:1:  layout_caves
Slime:2:  layout_caves
Orc:1:    layout_caves, gammafunk_ghost_split, serial_shops, shop,
          uniq_gastronok, uniq_maurice
Orc:2:    st_orc_elflike, layout_caves, serial_shops, shop

Skill      XL: |  1  2  3  4  5  6  7  8  9 10 11 12 13 14 15 16 17 18 |
---------------+-------------------------------------------------------+-----
Shields        | 4 5 6 7 9 10 12 13 15 17 18 19 | 19.0
Armour         | 4 5 6 7 8 9 11 12 13 14 | 14.7
Fighting       | 4 5 6 7 9 11 13 15 16 18 19 | 19.6
Axes           | 3 4 5 7 8 9 11 12 14 16 17 18 19 | 19.0
Dodging        | 1 2 3 4 5 6 |  6.0
Stealth        | 1 2 3 |  3.7
Evocations     | 1 10 14 | 14.0

Action                     |  1- 3 |  4- 6 |  7- 9 | 10-12 | 13-15 | 16-18 || total
---------------------------+-------+-------+-------+-------+-------+-------++-------
  Melee: War axe           |    90 |    67 |   224 |   390 |   799 |   887 ||  2457
         Headbutt          |     7 |     9 |    36 |    83 |   202 |   263 ||   600
  Throw: Throwing net      |       |       |       |       |     1 |       ||     1
 Invoke: Call Merchant     |       |       |       |       |     1 |       ||     1
         Bribe Branch      |       |       |       |       |       |     1 ||     1
  Evoke: Wand              |       |       |       |       |     2 |     5 ||     7
    Use: Scroll            |       |     6 |     6 |     2 |    13 |     9 ||    36
         Potion            |       |       |       |     1 |     1 |       ||     2
   Stab: Distracted        |       |       |     1 |     2 |     7 |    12 ||    22
         Held in net/web   |       |       |       |       |     1 |       ||     1
 Armour: Scale mail        |    36 |     2 |       |       |       |       ||    38
         Chain mail        |       |    52 |   111 |   218 |   434 |   307 ||  1122
  Dodge: Dodged            |    40 |    13 |    73 |   118 |   194 |   198 ||   636
  Block: Buckler           |    24 |    20 |    83 |   155 |    24 |       ||   306
         Kite shield       |       |       |       |       |   480 |   251 ||   731
         Tower shield      |       |       |       |       |       |   631 ||   631

Table legend: (Time is in decaauts)
 A = Elapsed time spent in this place.
 B = Non-inter-level travel time spent in this place.
 C = Inter-level travel time spent in this place.
 D = Time resting spent in this place.
 E = Time spent auto-exploring this place.
 F = Levels seen in this place.
 G = Mean time per level.
                   A        B        C        D        E       F      G
               +--------+--------+--------+--------+--------+-----+--------+
         Total |  35770 |  32647 |   3123 |   6553 |  15231 |  33 | 1083.9 |
       Dungeon |  15584 |  13961 |   1623 |   2581 |   7807 |  15 | 1038.9 |
        Temple |    221 |    204 |     17 |      0 |    126 |   1 |  221.0 |
          Lair |   6824 |   6056 |    768 |    317 |   3814 |   5 | 1364.8 |
        Shoals |   3859 |   3544 |    315 |    681 |    541 |   4 |  964.8 |
     Snake Pit |   6359 |   6067 |    292 |   1990 |   1887 |   4 | 1589.8 |
    Slime Pits |    815 |    815 |      0 |    343 |    213 |   2 |  407.5 |
  Orcish Mines |   2106 |   1999 |    107 |    639 |    840 |   2 | 1053.0 |
               +--------+--------+--------+--------+--------+-----+--------+

Top non-repeatable levels by time:
 Snake:1: 2050 daAuts
  Lair:5: 1773 daAuts
 Snake:4: 1747 daAuts
     D:7: 1502 daAuts
     D:8: 1423 daAuts
 Snake:2: 1389 daAuts
  Lair:4: 1377 daAuts
     D:6: 1363 daAuts
    D:13: 1352 daAuts
  Lair:3: 1338 daAuts
  Lair:2: 1333 daAuts
   Orc:1: 1328 daAuts
    D:10: 1250 daAuts
 Snake:3: 1171 daAuts
Shoals:2: 1168 daAuts
